Unix NetHack Version 3.7.0-94 Work-in-progress - last build Dec 18 2023 00:11:04 (7e3deff068b9ef4f2ebb9a71ea0f5c4a3b578a14,branch:master). Game began 2024-01-01 16:24:59, ended 2024-01-01 16:30:09. Arasaka, chaotic male orcish Rogue # -------------- # ------- |.............#### -.------------- |.....| |............| ### |.............| |.....| |.............# |.............| #### ##-.....| -----------+--## |.............| #----- # |.....| ##### # |...........:h| #|...| # |..<..| # # #-.............@#######....-#### -.----- ##### # #--+------------ ## |...| ### ### # # ##### ## --.-- # # # ### # ## # # ## #--------- # ## ### # # # #|.......| # ----.- ### ############ -------+------- #|.......|## |.....##### ### |.............| #........|# |....| --|--- |.............+###### |.......|# |....| |...(| |.............| # |.......|# ------ |.>.*| |.............| ###|........# |..(.| --------------- --------- ------ # # Arasaka the Footpad St:11 Dx:18 Co:15 In:11 Wi:11 Ch:9 Chaotic Dlvl:3 $:20 HP:0(17) Pw:3(3) AC:7 Xp:2/30 T:1143 Latest messages: You kill the gecko! You see here a gecko corpse. Your leg feels better. There is a gecko corpse here; eat it? [ynq] (n) Blecch! Rotten food! Everything suddenly goes dark. What do you want to eat? [ghs or ?*] You cannot eat that! What do you want to eat? [ghs or ?*] You cannot eat that! What do you want to eat? [ghs or ?*] You cannot eat that! What do you want to eat? [ghs or ?*] You cannot eat that! What do you want to read? [lm or ?*] Being blind, you cannot read the mystic runes. What do you want to use or apply? [efilm or ?*] Sorry, I don't know how to use that. You can see again. What do you want to read? [lm or ?*] You begin to memorize the runes. You learn the "healing" spell. The door opens. You find a hidden door. The door opens. You miss the jackal. The jackal bites! You hit the jackal. The jackal misses! You hit the jackal. The jackal bites! You kill the jackal! You hear a door open. You hit the jackal. The jackal bites! You kill the jackal! Where do you want to travel to? (For instructions type a '?') That door is closed. The door resists! The door resists! The door resists! The door opens. The hobbit thrusts her elven dagger. The hobbit hits! The hobbit thrusts her elven dagger. The hobbit hits! The hobbit thrusts her elven dagger. The hobbit hits! You die... Inventory: Coins ('$') $ - 20 gold pieces Weapons (')') b - 8 uncursed +0 orcish daggers (alternate weapons; not wielded) a - an uncursed +0 orcish short sword (weapon in right hand) Armor ('[') c - an uncursed +1 leather armor (being worn) Comestibles ('%') g - 2 uncursed tacos s - an uncursed banana h - an uncursed food ration Spellbooks ('+') l - an uncursed spellbook of healing m - an uncursed spellbook of healing Potions ('!') u - an uncursed potion of extra healing j - an uncursed potion of monster detection n - a cursed potion of monster detection d - an uncursed potion of sickness q - an uncursed potion of speed Rings ('=') p - an uncursed ring of conflict Tools ('(') f - an empty uncursed sack e - an uncursed lock pick i - a cursed stethoscope Gems/Stones ('*') r - an uncursed jet stone Arasaka the Rogue's attributes: Background: You were a Footpad, a level 2 male orcish Rogue. You were chaotic, on a mission for Kos who was opposed by Issek (lawful) and Mog (neutral). You were right-handed. You were in the Dungeons of Doom, on level 3. You entered the dungeon 1143 turns ago. You had 30 experience points, 10 more were needed to attain level 3. Basics: You had 0 out of 17 hit points. You had all 3 energy points (spell power). Your armor class was 7. Your wallet contained 20 zorkmids. Autopickup was on for '$"?' plus thrown, with exceptions. Final Characteristics: Your strength was 11 (limit:18/50). Your dexterity was 18 (limit:18). Your constitution was 15 (limit:18). Your intelligence was 11 (limit:16). Your wisdom was 11 (limit:16). Your charisma was 9 (limit:16). Final Status: You weren't hungry. You were unencumbered. You were wielding a short sword. You had basic skill with short sword. Final Attributes: You were devoutly aligned. You were poison resistant. You had infravision. You were stealthy. You were warded. You are dead. Miscellaneous: You disabled loading of bones levels. Total elapsed playing time was 5 minutes and 10 seconds. Major events: Turn 1: Arasaka the chaotic male orcish Rogue entered the dungeon 567: entered the Gnomish Mines 1143: killed by a hobbit Vanquished creatures: a gecko 2 jackals 2 foxes 7 grid bugs 2 lichens 3 newts 17 creatures vanquished. No species were genocided or became extinct. Voluntary challenges: You read items or engraved 2 times. You never engraved Elbereth. You never genocided any monsters. You never polymorphed an object. You never changed form. You used no wishes. Achievements: You entered the Gnomish Mines. You entered a shop. The Dungeons of Doom: levels 1 to 3 Level 1: Level 2: A general store, a sink. Stairs down to The Gnomish Mines. Level 3: <- You were here. Final resting place for you, killed by a hobbit. The Gnomish Mines: Level 3: Game over: ---------- / \ / REST \ / IN \ / PEACE \ / \ | Arasaka | | 20 Au | | killed by a | | hobbit | | | | | | 2024 | *| * * * | * _________)/\\_//(\/(/\)/\//\/|_)_______ Goodbye Arasaka the Rogue... You died in The Dungeons of Doom on dungeon level 3 with 248 points, and 20 pieces of gold, after 1143 moves. You were level 2 with a maximum of 17 hit points when you died.